Cogmind - Beta 17 @@@ ROGUE MODE // 2026.07.16 @ 14:43:45 Player: pinbox Result: Destroyed by Dirty Bomb Trap Performance ------------- Evolutions (5) 2500 Regions Visited (9) 1800 Robots Destroyed (39) 195 Value Destroyed (1332) 1332 Prototype IDs (14) 280 Alien Tech Used (0) 0 Bonus (1800) 1800 TOTAL SCORE: 7907 Bonus ------- Registered with UFD 300 Met Optimus in HQ 500 Met Warlord at Base 500 MAIN.C Attacked Warlord 500 Cogmind --------- Core Integrity 0/1000 Matter 229/300 Energy 100/100 System Corruption 4% Temperature Cool (1) Movement Flying (100) Ox1 Location -5/Warlord Parts ------- > --- POWER (1) -------- (None) > --- PROPULSION (5) --- Improved Diametric Drive > --- UTILITY (9) ------ Advanced Signal Interpreter Armor Integrity Analyzer Ghost Barrier > --- WEAPON (2) ------- Vortex Lance Vortex Lance > --- INVENTORY (5) ---- Enhanced Nuclear Core Advanced Signal Interpreter Transmission Jammer Mass Driver Peak State ------------ > --- POWER ------------ Enhanced Nuclear Core > --- PROPULSION ------- Nuclear Pulse Array Nuclear Pulse Array Improved Diametric Drive > --- UTILITY ---------- Spectral Analyzer Improved Sensor Array Advanced Signal Interpreter Armor Integrity Analyzer Enhanced Scrap Shield Makeshift Hacking Suite Makeshift Hacking Suite Ghost Barrier > --- WEAPON ----------- Vortex Lance Vortex Lance > --- INVENTORY -------- Enhanced Nuclear Core Improved Diametric Drive Advanced Signal Interpreter Transmission Jammer Mass Driver [Rating: 108] Favorites ----------- Power Subdweller Power Source Engine Subdweller Power Source Power Core Enhanced Nuclear Core Propulsion Light Treads Treads Light Treads Wheel Subdweller Monowheel Flight Unit Nuclear Pulse Array Utility Medium Storage Unit Device Seismic Detector Storage Medium Storage Unit Processor Advanced Signal Interpreter Hackware Improved Hacking Suite Protection Makeshift Light Armor Plating Weapon Makeshift Hammer Energy Gun Small Laser Energy Cannon Subdweller Beam Cannon Ballistic Gun Subdweller Machine Gun Launcher Heavy Missile Launcher Impact Weapon Makeshift Hammer Slashing Weapon Power Sword Piercing Weapon Spear Build | -11 -10 -10 -9 -9 -6 -5 -5 -5 -5 ------- Run | Yrd Mat Sub Rec Scr Fac Fac Upp Upp War Slots Evolved 10 | . . . . . 8 2 . . . Power . | . . . . . . . . . . Propulsion 3 | . . . . . 2 1 . . . Utility 7 | . . . . . 6 1 . . . Weapon . | . . . . . . . . . . Parts Attached 79 | 7 3 12 3 6 16 18 3 1 10 Power 8 | 1 1 2 1 1 1 1 . . . Engine 6 | 1 1 2 1 1 . . . . . Core 2 | . . . . . 1 1 . . . Reactor . | . . . . . . . . . . Propulsion 17 | 2 . 4 1 1 1 5 1 . 2 Treads 4 | 2 . 1 1 . . . . . . Leg . | . . . . . . . . . . Wheel 4 | . . 3 . 1 . . . . . Hover . | . . . . . . . . . . Flight 9 | . . . . . 1 5 1 . 2 Utility 34 | 2 1 1 . 2 10 10 1 1 6 Device 14 | 1 . . . 1 6 3 . 1 2 Storage 3 | 1 1 . . 1 . . . . . Processor 6 | . . . . . 1 4 . . 1 Hackware 6 | . . . . . 2 1 . . 3 Protection 5 | . . 1 . . 1 2 1 . . Artifact . | . . . . . . . . . . Weapon 20 | 2 1 5 1 2 4 2 1 . 2 Energy Gun 1 | 1 . . . . . . . . . Energy Cannon 1 | . . 1 . . . . . . . Ballistic Gun 4 | 1 . 2 1 . . . . . . Ballistic Cannon . | . . . . . . . . . . Launcher 1 | . . . . . 1 . . . . Special Weapon . | . . . . . . . . . . Impact Weapon 3 | . . 2 . 1 . . . . . Slashing Weapon 6 | . 1 . . 1 3 . 1 . . Piercing Weapon 4 | . . . . . . 2 . . 2 Special Melee Weapon . | . . . . . . . . . . Unidentified Prototypes 11 | . . . . . 2 2 1 . 6 Parts Lost 39 | . 2 6 . . 13 8 . 1 9 Power 4 | . 1 1 . . 1 . . . 1 Propulsion 11 | . . 4 . . 1 3 . . 3 Utility 17 | . . . . . 7 4 . 1 5 Weapon 7 | . 1 1 . . 4 1 . . . Highest Loss Streak 10 | . 2 3 . . 10 6 . 1 9 To Critical Strikes . | . . . . . . . . . . Average Backups 5 | . 2 7 9 5 6 3 4 4 4 Power . | . . 1 2 . . . 1 1 1 Propulsion . | . . . . . . . . 1 . Utility 3 | . 1 4 6 4 4 . 1 1 1 Weapon 1 | . . 1 1 . 1 1 2 1 1 Tool/Special . | . . . . . . . . . . Unused Backups 14 | . . 1 . 6 2 2 . . 3 Power 2 | . . . . 1 . . . . 1 Propulsion . | . . . . . . . . . . Utility 8 | . . 1 . 4 1 1 . . 1 Weapon 4 | . . . . 1 1 1 . . 1 Tool/Special . | . . . . . . . . . . Average Slot Usage (%) 82 | . 95 96 89 74 63 70 74 75 77 Engine 9 | . 13 14 14 10 4 . . . . Core 1 | . . . . . . 4 5 5 4 Treads 8 | . 27 19 4 4 . . . . . Wheel 6 | . . 7 14 11 4 . . . . Flight 3 | . . . . . 1 16 17 17 16 Device 9 | . 14 3 . 9 22 20 11 12 7 Storage 9 | . 14 14 14 13 5 . . . . Processor 2 | . . . . . 3 5 11 11 14 Hackware 2 | . . . . . 6 5 11 11 13 Protection 6 | . . 10 14 2 . 3 9 9 7 Energy Gun 2 | . 14 6 . . . . . . . Energy Cannon 3 | . . 5 14 2 . . . . . Ballistic Gun 4 | . 6 12 3 2 . . . . . Impact Weapon 4 | . . 1 10 11 2 . . . . Slashing Weapon 2 | . 4 1 . 3 8 1 4 5 . Piercing Weapon 1 | . . . . . . 7 . . 7 Peak Build Rating 108 | 7 7 20 18 25 58 76 88 88 108 Average Rating 31 | 5 6 14 16 18 43 60 84 87 96 On Entrance 34 | . 7 7 17 16 25 19 76 88 87 Avg Prop Armor Cover (%) 8 | . . 7 11 11 2 . . . . Naked Turns . | . . . . . . . . . . Heaviest Build 39 | 14 17 31 30 30 39 27 37 37 37 Greatest Support 40 | 40 40 40 20 28 28 35 37 37 37 Greatest Overweight (x) 6 | . . 1 1 6 5 1 1 . 2 Average Overweight (x) . | . . . 1 . . . . . . Largest Inventory Capacity 15 | 8 10 10 10 15 10 5 5 5 5 Average Capacity 8 | 7 8 10 10 10 9 5 5 5 5 Most Carried 10 | 1 5 10 10 10 10 5 5 5 5 Average Carried 6 | . 2 7 9 6 6 3 4 4 4 Final Capacity 10 | 8 10 10 10 10 5 5 5 5 5 Final Carried 10 | 1 4 10 10 5 5 5 5 4 4 Class Distribution -------------------- 52% | Mutant 17% | Scavenger-Mutant 7% | Hacker-Mutant 5% | Gladiator 4% | Hacker-Gladiator 3% | Ninja 3% | Hacker-Scout Dominant Class ---------------- Mutant | -10/Materials Mutant | -10/Subcaves Mutant | -9/Recycling Mutant | -9/Scraptown Gladiator | -6/Factory Ninja | -5/Factory Hacker-Mutant | -5/Upper Caves Hacker-Mutant | -5/Upper Caves Hacker-Scout | -5/Warlord Resources | -11 -10 -10 -9 -9 -6 -5 -5 -5 -5 ----------- Run | Yrd Mat Sub Rec Scr Fac Fac Upp Upp War Matter Collected 1286 | 285 114 256 20 115 28 153 209 103 3 Remotely . | . . . . . . . . . . Salvage Created 1506 | 147 238 426 45 . 280 203 108 59 . Parts 90 | 14 15 25 5 . 14 10 2 5 . Haulers Intercepted 1 | . 1 . . . . . . . . Recyclers Shooed 4 | 1 . . 1 . 2 . . . . Parts Field Recycled . | . . . . . . . . . . Retrieved Matter . | . . . . . . . . . . Parts Self-Destructed 8 | . . 2 . . . . . 6 . Prevented . | . . . . . . . . . . Parts Restored . | . . . . . . . . . . Kills | -11 -10 -10 -9 -9 -6 -5 -5 -5 -5 ------- Run | Yrd Mat Sub Rec Scr Fac Fac Upp Upp War Combat Hostiles Destroyed 29 | . 6 10 1 . 5 6 . 1 . Melee 11 | . . 2 1 . 1 6 . 1 . Guns 9 | . 6 3 . . . . . . . Cannons 4 | . . 4 . . . . . . . AOE 4 | . . . . . 4 . . . . Classes Destroyed 13 | 2 4 2 . . 4 . 1 . . Worker 1 | . . . . . 1 . . . . Builder 2 | . . . . . 2 . . . . Tunneler 3 | 3 . . . . . . . . . Hauler 1 | . 1 . . . . . . . . Recycler 2 | 1 . . . . 1 . . . . Watcher 1 | . 1 . . . . . . . . Swarmer 7 | . 2 . . . . 5 . . . Grunt 6 | . 4 . . . 2 . . . . Sentry 3 | . . 1 1 . . 1 . . . Hunter 3 | . . . . . 2 . . 1 . Programmer 1 | . . . . . 1 . . . . Subdweller 9 | . . 9 . . . . . . . Packrat 1 | . . . . . . . 1 . . Samaritan 1 | . . . . . . . 1 . . Best Kill Streak 8 | 4 2 2 1 . 8 5 . 1 . Combat Bots Only 5 | . 2 2 1 . 4 5 . 1 . Max Kills in Single Turn 3 | 1 1 1 1 . 3 1 1 1 . Gunslinging . | . . . . . . . . . . Exploded 2 | . . . . . 2 . . . . Melee 1 | . . 1 1 . 1 1 . 1 . Uniques/NPCs Destroyed . | . . . . . . . . . . Combat | -11 -10 -10 -9 -9 -6 -5 -5 -5 -5 -------- Run | Yrd Mat Sub Rec Scr Fac Fac Upp Upp War Hostile Shots Fired 479 | . 39 54 4 . 169 96 1 25 91 Missed 188 | . 6 17 1 . 65 57 1 14 27 Hits 291 | . 33 37 3 . 104 39 . 11 64 Projectile 291 | . 33 37 3 . 104 39 . 11 64 Critical Strikes 15 | . 1 . . . 6 . . 2 6 Part Disruptions 2 | . . . . . 1 . . . 1 Damage Taken 5726 | . 392 812 41 . 1802 906 . 126 1647 Core 1976 | . 46 188 14 . 715 243 . 38 732 Absorbed by Shields . | . . . . . . . . . . Ignored by Resistances 6 | . . . . . . 6 . . . Regen/Repaired (Parts) 44 | . . . . . . . . . 44 Core Remaining (%) 38 | 100 . . . . 15 . . . . Volleys Fired 93 | 5 44 37 5 . 2 . . . . Largest 2 | 2 2 2 2 . 1 . . . . Hottest 110 | 60 60 110 103 . 39 . . . . Shots Fired 131 | 10 62 51 6 . 2 . . . . Gun 116 | 10 62 39 5 . . . . . . Cannon 13 | . . 12 1 . . . . . . Launcher 2 | . . . . . 2 . . . . Special . | . . . . . . . . . . Kinetic 67 | 5 18 39 5 . . . . . . Thermal 62 | 5 44 12 1 . . . . . . Explosive 2 | . . . . . 2 . . . . Electromagnetic . | . . . . . . . . . . Robot Hit Streak 22 | 8 14 19 22 . 2 . . . . Robot Miss Streak 4 | . 4 1 2 . . . . . . Penetration Max . | . . . . . . . . . . Secondary Targets 1 | . 1 . . . . . . . . Max Gunslinging Chain 1 | . 1 . . . . . . . . Shots Hit Robots 124 | 8 44 39 7 . 9 12 2 2 1 Core Hits 69 | 5 14 14 1 . 25 8 1 1 . Critical Kills . | . . . . . . . . . . Critical Parts Destroyed 1 | . . 1 . . . . . . . Critical Strikes 6 | . . 1 . . 4 . . 1 . Smash 1 | . . 1 . . . . . . . Sever 5 | . . . . . 4 . . 1 . Melee Attacks 112 | . . 26 9 . 23 47 3 2 2 Impact 24 | . . 15 9 . . . . . . Slashing 40 | . . 11 . . 23 1 3 2 . Piercing 46 | . . . . . . 46 . . . Entropic 2 | . . . . . . . . . 2 Sneak Attacks 3 | . . . . . . . 2 1 . Combat Hostiles 1 | . . . . . . . . 1 . Follow-up Attacks 2 | . . 1 . . 1 . . . . Damage Inflicted 4647 | 91 505 1083 160 . 1975 422 192 139 80 Guns 1076 | 91 505 412 68 . . . . . . Cannons 143 | . . 143 . . . . . . . Explosions 1659 | . . . . . 1659 . . . . Melee 1768 | . . 528 92 . 316 422 192 139 79 Ramming 1 | . . . . . . . . . 1 Kinetic 658 | 36 142 412 68 . . . . . . Thermal 561 | 55 363 143 . . . . . . . Explosive 1659 | . . . . . 1659 . . . . Electromagnetic . | . . . . . . . . . . Impact 501 | . . 409 92 . . . . . . Slashing 808 | . . 119 . . 316 42 192 139 . Piercing 380 | . . . . . . 380 . . . Entropic 79 | . . . . . . . . . 79 Highest Corruption 8 | . . . . . 6 8 8 8 8 Average Corruption 7 | . . . . . 4 8 8 8 4 Corruption Purged . | . . . . . . . . . . Corruption Blocked . | . . . . . . . . . . Effects 23 | . . . . . 2 3 9 9 . Message Errors 1 | . . . . . . . 1 . . Matter Fused 7 | . . . . . . 1 3 3 . Heat Flow Errors 5 | . . . . . . . 2 3 . Energy Discharges 2 | . . . . . 1 . . 1 . Data Loss (minor) 4 | . . . . . 1 1 1 1 . Data Loss (major) 3 | . . . . . . . 2 1 . Alerts 1 | . . . . . . 1 . . . Overload Shots . | . . . . . . . . . . Overflow Damage 263 | . . 62 . . 90 17 94 . . Projectiles . | . . . . . . . . . . Explosions 85 | . . . . . 85 . . . . Melee 178 | . . 62 . . 5 17 94 . . Knockbacks 3 | . . 3 . . . . . . . Impact 3 | . . 3 . . . . . . . Kinetic . | . . . . . . . . . . Secondary . | . . . . . . . . . . Self-Inflicted Damage 72 | . . . . . 72 . . . . Shots 3 | . . . . . 3 . . . . Rammed 2 | . . . . . . . . . 2 Targets Rammed 2 | . . . . . . . . . 2 Kicked . | . . . . . . . . . . Crushed . | . . . . . . . . . . Highest Temperature 244 | . 119 36 57 . 16 . 244 172 1 Average Temperature 72 | . 71 14 32 . 16 . 122 77 1 Received Heat Transfer 777 | . 216 45 18 . 249 36 . 36 177 Siege Activations . | . . . . . . . . . . Martial Activations . | . . . . . . . . . . Shielding Activations . | . . . . . . . . . . Robots Disrupted . | . . . . . . . . . . Combat Hostiles . | . . . . . . . . . . Robots Corrupted 1 | . . 1 . . . . . . . Combat Hostiles 1 | . . 1 . . . . . . . Parts Fried 1 | . . 1 . . . . . . . Impact Corruptions 3 | . . 3 . . . . . . . Robots Melted . | . . . . . . . . . . Combat Hostiles . | . . . . . . . . . . Parts Melted 2 | . 2 . . . . . . . . Heat Transferred 1135 | 125 825 185 . . . . . . . Parts Sabotaged . | . . . . . . . . . . Parts Stolen . | . . . . . . . . . . Parts Stripped . | . . . . . . . . . . Power Chain Reactions . | . . . . . . . . . . Alert | -11 -10 -10 -9 -9 -6 -5 -5 -5 -5 ------- Run | Yrd Mat Sub Rec Scr Fac Fac Upp Upp War Maximum Alert Level 1 | . . . . . 1 1 . . . Low Security (%) 92 | 100 100 . 100 . 96 63 . . . Level 1 7 | . . . . . 3 36 . . . Level 2 . | . . . . . . . . . . Level 3 . | . . . . . . . . . . Level 4 . | . . . . . . . . . . Level 5 . | . . . . . . . . . . High Security . | . . . . . . . . . . Max Security . | . . . . . . . . . . Peak Influence 321 | 10 75 . 20 . 321 320 . . . Initial 151 | . . . 7 . . 151 . . . Average 48 | 1 16 . 1 . 43 179 . . . Influence Increases 1601 | 20 209 35 35 . 612 495 45 150 . Destroy 0b10 Robot/C 400 | . 120 20 20 . 100 120 . 20 . Destroy 0b10 Robot/NC 50 | 20 10 . . . 20 . . . . Destroy Leader 94 | . 34 . . . 30 20 . 10 . Successful Hack 129 | . 29 . 9 . 79 12 . . . Disable Machine 135 | . . . . . 105 30 . . . Destroy Structure 58 | . 1 . 6 . 23 28 . . . Partial Spotted 90 | . . . . . 60 30 . . . Lose Combat Pursuer 645 | . 15 15 . . 195 255 45 120 . Influence Decreases 1601 | 20 209 20 50 . 301 494 256 160 91 Entered New Map 395 | . . . 8 . . 160 116 20 91 Time Decay 1001 | 20 189 15 42 . 211 254 140 130 . Lost Part 205 | . 20 5 . . 90 80 . 10 . Squads Dispatched 21 | . 1 . . . 12 8 . . . Investigation 13 | . . . . . 7 6 . . . Extermination 4 | . . . . . 2 2 . . . Reinforcement 4 | . 1 . . . 3 . . . . Assault . | . . . . . . . . . . Garrison . | . . . . . . . . . . Intercept . | . . . . . . . . . . Searches Triggered . | . . . . . . . . . . Construction Impeded . | . . . . . . . . . . Haulers Reinforced . | . . . . . . . . . . Active Scanning Responses . | . . . . . . . . . . Cargo Convoy Interrupts . | . . . . . . . . . . Stealth | -11 -10 -10 -9 -9 -6 -5 -5 -5 -5 --------- Run | Yrd Mat Sub Rec Scr Fac Fac Upp Upp War Distress Signals 3 | . . . . . 1 1 . . 1 Communications Jammed 10 | . . . . . . 10 . . . Distress Signals 10 | . . . . . . 10 . . . Times Spotted 106 | . 13 17 1 . 27 27 3 11 7 Peak Tracking Total 12 | . 4 6 1 . 8 12 3 7 7 Tactical Retreats 21 | . 1 1 . . 7 6 3 3 . Traps | -11 -10 -10 -9 -9 -6 -5 -5 -5 -5 ------- Run | Yrd Mat Sub Rec Scr Fac Fac Upp Upp War Traps Triggered 8 | . 2 2 . . 1 2 . . 1 Indirectly . | . . . . . . . . . . Trap Hack Attempts . | . . . . . . . . . . Triggered . | . . . . . . . . . . Disarmed . | . . . . . . . . . . Reprogrammed . | . . . . . . . . . . Reused . | . . . . . . . . . . Traps Extracted . | . . . . . . . . . . Installed . | . . . . . . . . . . Triggered . | . . . . . . . . . . Machines | -11 -10 -10 -9 -9 -6 -5 -5 -5 -5 ---------- Run | Yrd Mat Sub Rec Scr Fac Fac Upp Upp War Machines Disabled 10 | . . . . . 7 2 . . 1 Max in Single Turn 3 | . . . . . 3 1 . . 1 Garrison Access 1 | . . . . . 1 . . . . Machines Repaired . | . . . . . . . . . . Machines Dismantled . | . . . . . . . . . . Machines Sabotaged . | . . . . . . . . . . Overloaded Fab Kills . | . . . . . . . . . . Hacking | -11 -10 -10 -9 -9 -6 -5 -5 -5 -5 --------- Run | Yrd Mat Sub Rec Scr Fac Fac Upp Upp War Machines Accessed 58 | . 5 3 7 6 14 11 1 . 11 Terminals 20 | . 5 . 6 . 5 3 1 . . Fabricators . | . . . . . . . . . . Repair Stations 1 | . . . . . . 1 . . . Recycling Units 13 | . . . 1 . 6 6 . . . Scanalyzers 3 | . . . . . 2 1 . . . Garrison Access 1 | . . . . . 1 . . . . Total Hacks 180 | . 24 7 23 34 54 19 1 . 18 Successful 136 | . 15 7 13 34 36 12 1 . 18 Failed 43 | . 9 . 10 . 17 7 . . . Catastrophic 6 | . 2 . 1 . 2 1 . . . Database Lockouts 1 | . . . . . 1 . . . . Manual 81 | . 23 . 22 . 25 11 . . . Terminals 69 | . 24 . 20 . 19 5 1 . . Fabricators . | . . . . . . . . . . Repair Stations 3 | . . . . . . 3 . . . Recycling Units 17 | . . . 3 . 8 6 . . . Scanalyzers 31 | . . . . . 26 5 . . . Garrison Access 1 | . . . . . 1 . . . . Terminal Hacks 69 | . 5 7 2 34 2 . 1 . 18 Record 57 | . . 5 . 34 1 . 1 . 16 Part Schematic 1 | . 1 . . . . . . . . Open Door 3 | . . 1 . . . . . . 2 Terminal Index 1 | . 1 . . . . . . . . Hauler Manifests 1 | . 1 . . . . . . . . Zone Layout 5 | . 2 . 2 . 1 . . . . Release Object 1 | . . 1 . . . . . . . Fabricator Hacks . | . . . . . . . . . . Repair Station Hacks . | . . . . . . . . . . Recycling Unit Hacks 1 | . . . 1 . . . . . . Report Inventory 1 | . . . 1 . . . . . . Scanalyzer 23 | . . . . . 18 5 . . . Insert Component 7 | . . . . . 7 . . . . Analyze 9 | . . . . . 9 . . . . Retrieve Study 7 | . . . . . 2 5 . . . Garrison Access Hacks 1 | . . . . . 1 . . . . Seal Access 1 | . . . . . 1 . . . . Unauthorized Hacks 42 | . 10 . 10 . 15 7 . . . Terminals 29 | . 10 . 9 . 9 1 . . . Assimilate 1 | . . . . . 1 . . . . Botnet 13 | . 5 . 4 . 3 1 . . . Skim 15 | . 5 . 5 . 5 . . . . Fabricators . | . . . . . . . . . . Repair Stations . | . . . . . . . . . . Recycling Units 13 | . . . 1 . 6 6 . . . Recyclers 1 | . . . 1 . . . . . . Fedlink 12 | . . . . . 6 6 . . . Scanalyzers . | . . . . . . . . . . Garrison Access . | . . . . . . . . . . Data Cores Recovered . | . . . . . . . . . . Used . | . . . . . . . . . . Hacking Detections 24 | . 5 . 7 . 7 5 . . . Full Trace Events . | . . . . . . . . . . Feedback Events . | . . . . . . . . . . Feedback Blocked . | . . . . . . . . . . Robot Schematics Acquired . | . . . . . . . . . . Robots Built . | . . . . . . . . . . Authchips . | . . . . . . . . . . Time . | . . . . . . . . . . Total Robot Build Rating . | . . . . . . . . . . Part Schematics Acquired 7 | . 1 . . . 6 . . . . Parts Built . | . . . . . . . . . . Authchips . | . . . . . . . . . . Time . | . . . . . . . . . . Total Part Build Rating . | . . . . . . . . . . Part Studies Acquired 7 | . . . . . 2 5 . . . Parts Repaired . | . . . . . . . . . . Time . | . . . . . . . . . . Parts Recycled . | . . . . . . . . . . Recycled Matter . | . . . . . . . . . . Retrieved Matter . | . . . . . . . . . . Retrieved Components . | . . . . . . . . . . Parts Scanalyzed 6 | . . . . . 6 . . . . Part Schematics Acquired 6 | . . . . . 6 . . . . Parts Damaged . | . . . . . . . . . . Bothacking | -11 -10 -10 -9 -9 -6 -5 -5 -5 -5 ------------ Run | Yrd Mat Sub Rec Scr Fac Fac Upp Upp War Used RIF Installer . | . . . . . . . . . . Robots Hacked . | . . . . . . . . . . Non-combat . | . . . . . . . . . . Combat . | . . . . . . . . . . Robot Hacks Applied . | . . . . . . . . . . Relay Couplers Released . | . . . . . . . . . . Fabnet Peak Effective % . | . . . . . . . . . . Robots Rewired . | . . . . . . . . . . Allies Hacked . | . . . . . . . . . . Hacks Repelled . | . . . . . . . . . . Allies | -11 -10 -10 -9 -9 -6 -5 -5 -5 -5 -------- Run | Yrd Mat Sub Rec Scr Fac Fac Upp Upp War Total Allies 1 | . . . . . 1 . . . . Largest Group 1 | . . . . . 1 . . . . Highest-Rated Group 10 | . . . . . 10 . . . . Highest-Rated Ally 10 | . . . . . 10 . . . . Initial UFD Resources 70 | . . . . . 23 48 70 70 70 Total Orders . | . . . . . . . . . . Ally Attacks . | . . . . . . . . . . Total Damage . | . . . . . . . . . . Kills . | . . . . . . . . . . Allies Corrupted . | . . . . . . . . . . Allies Melted . | . . . . . . . . . . Intel | -11 -10 -10 -9 -9 -6 -5 -5 -5 -5 ------- Run | Yrd Mat Sub Rec Scr Fac Fac Upp Upp War Active Infowar (turns) 4564 | 43 752 414 . 1003 759 534 285 268 506 Optics 288 | . . . . . . . . . 288 Sensors 1974 | . . . . . 479 451 285 268 491 IFF 305 | . . . . . . 305 . . . Terrain 740 | . . . . . 740 . . . . Seismic 2962 | 43 752 414 . 1003 750 . . . . Jamming 1299 | . . . . . 287 225 285 268 234 Robot Analysis Total . | . . . . . . . . . . Derelict Logs Recovered 9 | . . 2 . 5 . . 1 1 . Drone Launches . | . . . . . . . . . . Drone Recoveries . | . . . . . . . . . . Exploration | -11 -10 -10 -9 -9 -6 -5 -5 -5 -5 ------------- Run | Yrd Mat Sub Rec Scr Fac Fac Upp Upp War Turns Passed 7830 | 115 752 1977 830 1560 973 555 285 268 515 Spaces Moved 7295 | 60 310 1204 497 1315 912 949 672 613 763 Core 25 | 6 . . . 14 5 . . . . Treads 1199 | 54 310 701 . 134 . . . . . Legs . | . . . . . . . . . . Wheels 2818 | . . 503 497 1167 651 . . . . Hover . | . . . . . . . . . . Flight 3253 | . . . . . 256 949 672 613 763 Fastest Speed 27 | 50 160 110 120 100 35 27 32 35 30 Average Speed 86 | 149 160 143 120 115 93 31 33 35 35 Slowest Speed 350 | 160 160 240 120 350 300 115 112 35 170 Overloaded Moves . | . . . . . . . . . . Propulsion Burnouts . | . . . . . . . . . . Robots Hopped 16 | . . . . . 3 13 . . . Potential Cave-ins . | . . . . . . . . . . Cave-ins Triggered 1 | . . . . . . 1 . . . Exploration Rate (%) 59 | 2 45 69 81 90 36 33 80 70 87 Regions Visited 9 Branch Regions 6 Pre-discovered Areas 9 | . . 1 1 3 3 . . . 1 Known Exits Taken 6 | . 1 1 . . 1 1 1 1 . Unknown Exits Taken 3 | 1 . . 1 1 . . . . . Scrap Searched 17 | . . 8 . 7 . . 2 . . Spaces Dug 25 | . . 1 5 . 5 14 . . . Terrain Destroyed 44 | . . 2 6 . 22 14 . . . Melee 25 | . . 1 5 . 5 14 . . . Projectile 2 | . . 1 1 . . . . . . AOE 17 | . . . . . 17 . . . . Terrain Rammed . | . . . . . . . . . . Walls Destroyed . | . . . . . . . . . . Machines Disabled . | . . . . . . . . . . Actions | -11 -10 -10 -9 -9 -6 -5 -5 -5 -5 --------- Run | Yrd Mat Sub Rec Scr Fac Fac Upp Upp War Total 8524 | 72 502 1372 715 1358 1001 1120 724 662 998 Wait 815 | . 138 55 199 10 24 101 36 44 208 Move 7254 | 59 309 1203 496 1314 905 922 671 612 763 Hop 16 | . . . . . 3 13 . . . Pick Up 45 | 1 4 15 1 5 5 8 4 . 2 Fast Attach 63 | 7 4 5 2 6 11 16 2 1 9 Attach 42 | . 2 13 1 2 12 7 2 1 2 Detach 27 | . . 6 . 5 10 2 . 1 3 Swap 4 | . 1 1 . 1 1 . . . . Drop 54 | . . 12 2 15 6 5 6 1 7 Fire 93 | 5 44 37 5 . 2 . . . . Melee 108 | . . 24 9 . 22 46 3 2 2 Ram 2 | . . . . . . . . . 2 Kick . | . . . . . . . . . . Crush . | . . . . . . . . . . Escape Stasis . | . . . . . . . . . . Rewire . | . . . . . . . . . . Trap . | . . . . . . . . . . Miscellaneous 1 | . . 1 . . . . . . . Route ------- -11/Scrapyard -10/Materials (discovered 5 exits: *Mat x3 / [*Min] / *Sub) -10/Subcaves (discovered 3 exits: Mat x2 / *Rec) -9/Recycling (discovered 2 exits: Fac / *Scr) -9/Scraptown (discovered 2 exits: *Fac x2) -6/Factory (discovered 6 exits: *Fac x4 / *Low x2) -5/Factory (discovered 2 exits: *Upp / Ext) -5/Upper Caves -5/Upper Caves (discovered 2 exits: *Fac / *War) -5/Warlord (discovered 1 exit: *Pro) History --------- Turn | Location | Event 3 | -11/Scrapyard | Discovered new exit (range 15) 116 | -11/Scrapyard | Entered Materials 252 | -10/Materials | Discovered new exit (range 13) 335 | -10/Materials | Build established: Mutant 372 | -10/Materials | Discovered new exit (range 16) 469 | -10/Materials | Learned 2 Mines zone layouts 515 | -10/Materials | Learned Storage garrison access intel 551 | -10/Materials | Learned Storage emergency access door positions 575 | -10/Materials | Learned 2 Storage zone layouts 588 | -10/Materials | Identified exit to Materials 588 | -10/Materials | Identified exit to Subcaves 642 | -10/Materials | Learned Storage stockpile data 868 | -10/Materials | Entered Subcaves 869 | -10/Subcaves | Identified exit to Materials 917 | -10/Subcaves | Shifting Twisted Machinery released Mak. Power Source 917 | -10/Subcaves | Shifting Twisted Machinery released Mak. Light Armor Plating 1222 | -10/Subcaves | Visited Clippyterm 1227 | -10/Subcaves | Identified exit to Recycling 1227 | -10/Subcaves | Learned Factory stockpile data 1362 | -10/Subcaves | Released subatomizers from SUBCON Basin 1831 | -10/Subcaves | Core integrity fell below 50% 2037 | -10/Subcaves | Build established: Scavenger-Mutant 2135 | -10/Subcaves | Core integrity fell below 20% 2171 | -10/Subcaves | Lost 3 parts (1p2n) 2261 | -10/Subcaves | Disturbed a concealed Subdweller 2438 | -10/Subcaves | Shifting Twisted Machinery released Riot Gun 2494 | -10/Subcaves | Learned Materials emergency access door positions 2649 | -10/Subcaves | Learned location of Zion (-7) 2845 | -10/Subcaves | Entered Recycling 3032 | -9/Recycling | Build established: Mutant 3221 | -9/Recycling | Learned Storage security intel 3343 | -9/Recycling | Learned Materials terminal intel 3390 | -9/Recycling | Learned Materials emergency access door positions 3425 | -9/Recycling | Learned location of Mines (-9) 3452 | -9/Recycling | Learned 8 Materials zone layouts 3471 | -9/Recycling | Learned Storage trap positions 3481 | -9/Recycling | Scanned before Scraplab entrance 3499 | -9/Recycling | Entered Scraplab 3502 | -9/Recycling | Identified exit to Factory 3510 | -9/Recycling | Discovered new exit (range 3) 3542 | -9/Recycling | Learned 2 Materials zone layouts 3650 | -9/Recycling | Learned 8 Materials zone layouts 3675 | -9/Recycling | Entered Scraptown 3747 | -9/Scraptown | Build established: Scavenger-Mutant 3915 | -9/Scraptown | Discovered new exit (range 13) 3937 | -9/Scraptown | Scanned Subdweller tech in exchange for log data 3941 | -9/Scraptown | Learned location of Extension (-5) 3942 | -9/Scraptown | Learned Factory machine intel 3944 | -9/Scraptown | Learned Research non-interactive machine intel 4015 | -9/Scraptown | Visited TADAMA 4064 | -9/Scraptown | Visited Cave Peace 4253 | -9/Scraptown | Build established: Mutant 4425 | -9/Scraptown | Visited Symbiants 4461 | -9/Scraptown | Visited Red Mages 4478 | -9/Scraptown | Visited The Evicted 4530 | -9/Scraptown | Visited UFD Registry 4530 | -9/Scraptown | Registered with UFD as "Gaussshell" 4556 | -9/Scraptown | Visited Science Testing Area 4569 | -9/Scraptown | Visited Cyclists 4579 | -9/Scraptown | Entered Cyclist Reading Room 4647 | -9/Scraptown | Visited A0-MCA Data Center 4654 | -9/Scraptown | Given a B- rating by A0-MCA 4678 | -9/Scraptown | Visited Botcube Research 4709 | -9/Scraptown | Visited Abandonware Association 4720 | -9/Scraptown | Learned abandonware demo "TRNCOAT.EXE" 4785 | -9/Scraptown | Visited DA-N13 Charitable Foundation 4794 | -9/Scraptown | Found DCF Scrap (27 items) 4819 | -9/Scraptown | Visited Supply Room 4854 | -9/Scraptown | Visited LU-1G1's Boring Crew 4882 | -9/Scraptown | Visited Scrapoid Research Area 4928 | -9/Scraptown | Visited Curators Association 5027 | -9/Scraptown | Delivered Scrap Shield to a Scientist 5165 | -9/Scraptown | Met Optimus 5165 | -9/Scraptown | Accepted into 0bPrime 5231 | -9/Scraptown | Discovered new exit (range 3) 5235 | -9/Scraptown | Entered Factory 5235 | -6/Factory | Evolved 8 slots: Propulsion x2, Utility x6 5237 | -6/Factory | Loaded intel: 380 machine locations 5447 | -6/Factory | Discovered new exit (range 13) 5538 | -6/Factory | Build established: Gladiator 5544 | -6/Factory | Loaded intel: 8 recycling unit locations 5550 | -6/Factory | Discovered new exit (range 14) 5581 | -6/Factory | Identified exit to Lower Caves 5607 | -6/Factory | Learned location of Protoforge (-2) 5690 | -6/Factory | Central database locked down 5991 | -6/Factory | Learned Hub_04(d) terminal intel 5991 | -6/Factory | Build established: Hacker-Gladiator 6032 | -6/Factory | Identified exit to Factory 6040 | -6/Factory | Core integrity fell below 50% 6057 | -6/Factory | Lost 10 parts (1p1n5u3w) 6098 | -6/Factory | Learned location of Lower Caves (-6) 6107 | -6/Factory | Learned Hub_04(d) emergency access door positions 6128 | -6/Factory | Learned 4 Extension zone layouts 6156 | -6/Factory | Core integrity fell below 20% 6160 | -6/Factory | Learned Extension security intel 6208 | -6/Factory | Entered another Factory area 6208 | -5/Factory | Evolved 2 slots: Propulsion x1, Utility x1 6209 | -5/Factory | Identified exit to Extension 6333 | -5/Factory | Loaded intel: 8 recycling unit locations 6581 | -5/Factory | Crushed by falling debris 6615 | -5/Factory | Lost 6 parts (1n4u1w) 6719 | -5/Factory | Spotted B-75 Beast 6752 | -5/Factory | Discovered new exit (range 14) 6762 | -5/Factory | Identified exit to Upper Caves 6763 | -5/Factory | Entered Upper Caves 6765 | -5/Upper Caves | UFD Scientist delivered a prototype 6767 | -5/Upper Caves | Found Prototype Protection 6767 | -5/Upper Caves | Identified Enh. Scrap Shield 6810 | -5/Upper Caves | Spotted B-75 Beast 6828 | -5/Upper Caves | Learned Factory terminal intel 6856 | -5/Upper Caves | Encountered a Warlord checkpoint 7046 | -5/Upper Caves | Discovered new exit (range 6) 7048 | -5/Upper Caves | Identified exit to Upper Caves 7048 | -5/Upper Caves | Entered another Upper Caves area 7059 | -5/Upper Caves | Discovered new exit (range 15) 7064 | -5/Upper Caves | Identified exit to Factory 7111 | -5/Upper Caves | Encountered a Warlord checkpoint 7225 | -5/Upper Caves | Spotted B-75 Beast 7312 | -5/Upper Caves | Discovered new exit (range 11) 7316 | -5/Upper Caves | Identified exit to Warlord 7316 | -5/Upper Caves | Entered Warlord 7329 | -5/Warlord | Discovered new exit (range 15) 7336 | -5/Warlord | System corruption cleaned by Quarantine Array 7376 | -5/Warlord | Visited the Vortex Lab 7379 | -5/Warlord | Found Prototype Piercing Weapon 7379 | -5/Warlord | Identified Vortex Lance 7381 | -5/Warlord | Found Vortex Lance 7398 | -5/Warlord | Warlord's base attacked by MAIN.C 7440 | -5/Warlord | Learned location of Armory (-4) 7440 | -5/Warlord | Learned Quarantine stockpile data 7441 | -5/Warlord | Learned 4 Access zone layouts 7441 | -5/Warlord | Learned 4 Quarantine zone layouts 7441 | -5/Warlord | Learned Testing security intel 7441 | -5/Warlord | Learned Factory garrison access intel 7441 | -5/Warlord | Learned Research garrison access intel 7456 | -5/Warlord | Build established: Hacker-Mutant 7534 | -5/Warlord | Found Prototype Processor 7534 | -5/Warlord | Identified Spectral Analyzer 7536 | -5/Warlord | Found Prototype Device 7536 | -5/Warlord | Identified Exp. Focal Shield 7539 | -5/Warlord | Found Prototype Hackware 7539 | -5/Warlord | Identified Ghost Barrier 7547 | -5/Warlord | Found Prototype Device 7547 | -5/Warlord | Identified Exp. Phase Shifter 7572 | -5/Warlord | Rebuked by Warlord 7610 | -5/Warlord | Opened side exit 7748 | -5/Warlord | Warlord forces counterattacked 7787 | -5/Warlord | Lost 4 allies 7795 | -5/Warlord | Spotted Executioner 7798 | -5/Warlord | Spotted B-75 Beast 7798 | -5/Warlord | Spotted B-86 Titan 7798 | -5/Warlord | Identified exit to Proximity Caves 7811 | -5/Warlord | Core integrity fell below 50% 7820 | -5/Warlord | Core integrity fell below 20% 7831 | -5/Warlord | Destroyed by Dirty Bomb Trap Last Messages --------------- 07810_ Nuclear Pulse Array+ destroyed. 07812_ Penetrated by Slug. 07812_ Slug penetrates Wall. 07814_ Acquired 3 matter. 07815_ P-70 Sage resets G-50 Soldier, system corruption cleaned. 07815_ Penetrated by Slug. 07815_ Slug penetrates Wall. 07817_ P-70 Sage resets P-80 Master, system corruption cleaned. 07819_ Imp. Diametric Drive destroyed. 07819_ Critical hit (Blast). 07820_ The unstable cave ceiling collapses. 07822_ Spectral Analyzer destroyed. 07822_ Critical hit (Blast). 07822_ Penetrated by Slug. 07828_ Enh. Nuclear Core destroyed. 07831_ System corruption misinterpreted. 07831_ Triggered Dirty Bomb Trap. 07831_ An explosion rips through the floor. Map ----- +----------------------------------------------------+ | | | | | | | | | | | ???????????????????????????????????????????? | | ???????????????????????????????????????????? | | ???????????????????????????????????????????? | | ?###??????###??????????????????????????????? | | ## ########X#############??????????????????? | | ^ #??????????????????? | | #??????????????????? | | #################### #??????????????????? | | #??????????????????# #??????????????????? | | #??????????????????# #??????????????????? | | #??????????????????# #??????????????????? | | #??????????????????# #??????????????????? | | #?????????????????## ##????????#####????? | | #######??????????## #???###### ###??? | | # #??????????# #???# #"" % #### | | + #??????????# ##????#"" > " | | # #??????????# #?##### " | | # ## #??????????# g ### " % ""#? | | # #?? #??????????## ^ ###### %%##? | | # #??####???????????### l ##??#"" ###?? | | # #???????????????????## @ #??# ## ##???? | | #????????????????????## #???##" ##????? | | #?????????????????????# p##### % ##????? | | #?????????????????????# % #???? | | #?????????????????????## ###% ### #?? | | #??????????????????????## %! "#?? #? | | ##???????????????????????##; "#?? #? | | #??????""?????????????????#; "#? ##? | | #?????#""#????????????????##; % "#? #?? | | #?????#""#?????????????????##; =%!!?# ##? | | #######""#####?????????????? =!%[ ?# #? | | # "" "############??# #=%%=*=? ##? | | # "" """"""""""""#??# # = % "#?? | | # "" """"""""""""#?## # #!![! ###?? | | / ###= ###%%%!= #???? | | / + [% %%== ! #??? | | / + %!= =* [ #??? | | / ^ ###!= * ### #??? | | # "" """"""""""""#?#=# *# ? " "??? | | # "" """"""""""""#?# # ?"" "?? | | # "" "############? ## ###? # #?? | | #######""#####????????????### #???? #?? | | #?????#""#????????????????## #???? #?? | | #?????#""#????????????????# ##???? ##?? | | #??????""#???????????????## ##????? ???? | +----------------------------------------------------+ Best States ------------- Heat Dissipation 40 Energy Generation 20 Energy Capacity 300 Matter Stores 300 Matter Capacity 300 Sight Range 24 Robot Scan Range 15 Terrain Scan Range 20 Terrain Scan Density 10 Jamming Range 12 Additional Mass Support 12 Armor Coverage 1025 Resistance: TH 10 Evasion (%) 71 Core Analysis 6 Armor Integrity Analysis 30 Recoil Reduction 2 Offensive Hacking 22 Defensive Hacking 20 Item Schematics ----------------- ECM Suite | -10/Materials | Hacked Cld. Cesium-ion Thruster | -6/Factory | Scanalyzed Hrd. Medium Armor Plating | -6/Factory | Scanalyzed Adv. Sensor Array | -6/Factory | Scanalyzed Rocket Launcher | -6/Factory | Scanalyzed Power Sword | -6/Factory | Scanalyzed Reaction Control System | -6/Factory | Scanalyzed Robot Schematics ------------------ None Fabricated ------------ Nothing Repaired ---------- Nothing Studied --------- Arm. Huge Wheel | -6/Factory | Hacked Angular Momentum Engine | -6/Factory | Hacked Nuclear Pulse Array | -5/Factory | Hacked Mass Driver | -5/Factory | Hacked VTOL Module | -5/Factory | Hacked Spear | -5/Factory | Hacked Power Sword | -5/Factory | Hacked Alien Tech Used ----------------- None Achievements -------------- None Challenges ------------ None Game ------ Seed RagnarokBladeMicrothruster Manual? 0 Play Time 01:30:22 Cumulative 64.1 hours Start 2026.07.16 @ 11:57:25 End 2026.07.16 @ 14:43:45 Sessions 5 Manual Loads 0 Difficulty Rogue Special Mode None Game No. 69 Rogue 69 Adventurer 0 Explorer 0 Win Type - Total 1 Types 1/0/0/0/0/0/0/0/0/0 Lore% 53 Gallery% 42 Achievement% 38 Wizard Run 0 Options --------- Layout 1 ASCII 0 Keyboard 1 Movement Numpad Keybinds 1 Fullscreen 2 Font 24/Smallcaps Map View 50x40 Zoom Use 0% Tactical HUD 1 Map Filters NONE Filters NONE Steam 1 RUN: 6c153af8-d9f1-4879-9847-d77883a5081a